 Dungeon Crawl Stone Soup version 0.30.0-10-gfe55d96785 (webtiles) character file.

Game seed: 14015929441378532247

69 dolemite99 the Slasher (level 3, -1/29 HPs)
             Began as a Demigod Reaver on May 13, 2023.
             Slain by a gnoll
             ... wielding a +0 halberd
              (6 damage)
             ... on level 2 of the Dungeon.
             The game lasted 00:02:04 (1969 turns).

dolemite99 the Slasher (Demigod Reaver)             Turns: 1969, Time: 00:02:04

Health: -1/29      AC:  3    Str: 13    XL:     3   Next: 75%
Magic:  8/8        EV: 12    Int: 15    God:
Gold:   19         SH:  0    Dex: 16    Spells: 4/5 levels left

rFire   . . .        d - +5 dagger
rCold   . . .        (no shield)
rNeg    . . .        b - +0 leather armour
rPois   .            (no helmet)
rElec   .            (no cloak)
rCorr   .            (no gloves)
SInv    .            (no boots)
Will    .....        (no amulet)
Stlth   +            (no ring)
HPRegen 0.24/turn    (no ring)
MPRegen 0.11/turn

%: no passive effects
@: no status effects
A: high MP 1, forlorn, divine attributes
a: no special abilities


You were on level 2 of the Dungeon.
You visited 1 branch of the dungeon, and saw 2 of its levels.

You collected 19 gold pieces.

Inventory:

Hand Weapons
 a - a +0 falchion
 d - a +5 dagger (weapon)
Armour
 b - a +0 leather armour (worn)
Scrolls
 c - a scroll of teleportation
 g - 2 scrolls of identify {unknown}
 j - a scroll of immolation {unknown}
Potions
 e - 3 potions of mutation {unknown}
 f - 2 potions of might
 i - a potion of lignification {unknown}
 k - a potion of attraction {unknown}
 l - a potion of curing {unknown}


   Skills:
 - Level 1.8 Fighting
 + Level 2.8(3.5) Short Blades
 - Level 3.1(3.7) Long Blades
 - Level 1.8 Dodging
 - Level 1.8 Spellcasting
 - Level 2.7 Conjurations


You had 4 spell levels left.
You knew the following spells:

 Your Spells              Type           Power      Damage    Failure   Level
a - Kiss of Death         Conj/Necr      20%        2d7       17%         1

Your spell library contained the following spells:

 Spells                   Type           Power      Damage    Failure   Level
 Momentum Strike          Conj/Tloc      10%        3d8       26%         2
 Hailstorm                Conj/Ice       5%         3d4       45%         3


Dungeon Overview and Level Annotations

Branches:
Dungeon (2/15)


Innate Abilities, Weirdness & Mutations

You have an increased reservoir of magic. (+10% MP)
You shall have no god before yourself.
Your divine heritage dramatically boosts your attributes as you level up.


Message History

m - a poisoned dart
m - 2 poisoned darts (gained 1)
A gnoll comes into view. It is wielding a +0 halberd.
The gnoll shouts!
The gnoll throws a throwing net.
The throwing net misses you.
Things that are here:
a throwing net; a poisoned dart You throw an atropa-tipped dart.
The atropa-tipped dart hits the gnoll.
The gnoll appears confused.
A gnoll is nearby!
A gnoll is nearby!
You throw an atropa-tipped dart. The atropa-tipped dart hits the gnoll.
The gnoll appears confused.
You throw an atropa-tipped dart. The atropa-tipped dart hits the gnoll.
The gnoll appears confused.
The gnoll seems less confused.
You throw an atropa-tipped dart. The atropa-tipped dart hits the gnoll.
The gnoll appears confused.
The gnoll seems less confused.
No target in view!
No target in view!
No target in view!
You start waiting.
A gnoll is nearby!
A gnoll is nearby!
A gnoll is nearby!
You throw a poisoned dart.
The poisoned dart closely misses the gnoll.
A gnoll is nearby!
You throw a poisoned dart. The poisoned dart hits the gnoll.
The gnoll is poisoned.
The gnoll looks more healthy.
The gnoll hits you from afar with a +0 halberd.
The gnoll hits you with a +0 halberd.
The gnoll hits you from afar with a +0 halberd!
* * * LOW HITPOINT WARNING * * *
You are too injured to fight recklessly!
You are too injured to fight recklessly!
The gnoll hits you with a +0 halberd.
You die...

####
((.(.############################
#..(.((.....g@................
#..##########################.
#.. #... #.. #)## #.. #. .# #)#
#.. ####. #####.# #.# #..
.....###.....# #.# #..
.............#####.#
.............#.....#


You could see a gnoll.

Vanquished Creatures
  3 gnolls
  2 dart slugs (D:1)
  2 endoplasms (D:1)
  7 goblins (D:1)
  2 hobgoblins (D:1)
  2 jackals (D:1)
  3 kobolds (D:1)
  A quokka (D:2)
  2 ball pythons (D:1)
  A bat (D:1)
  7 frilled lizards
  6 rats (D:1)
38 creatures vanquished.

Notes
Turn   | Place    | Note
-------+----------+-------------------------------------------
     0 | D:1      | dolemite99 the Demigod Reaver began the quest for the Orb.
     0 | D:1      | Reached XP level 1. HP: 17/17 MP: 5/5
    50 | D:1      | Reached skill level 3 in Long Blades
   369 | D:1      | Reached XP level 2. HP: 24/24 MP: 7/7
   381 | D:1      | Reached skill level 1 in Short Blades
   728 | D:1      | Reached XP level 3. HP: 16/29 MP: 8/8
  1969 | D:2      | Slain by a gnoll

Illustrated notes

Levels and vault maps discovered:
D:1:      lightli_arrival_statue_moat, layout_basic
D:2:      layout_basic, minmay_lizard_pond

Skill      XL: |  1  2  3 |
---------------+----------+-----
Long Blades    | 3 |  3.1
Short Blades   | 1 2 |  2.8
Fighting       | |  1.8
Dodging        | |  1.8
Spellcasting   | |  1.8
Conjurations   | |  2.7

Action                     || total
---------------------------++-------
  Melee: Falchion          ||    16
         Dagger            ||    85
  Throw: Dart              ||    12
    Use: Potion            ||     1
         Scroll            ||     1
 Armour: Leather armour    ||    29
  Dodge: Dodged            ||    52
